 Dungeon Crawl Stone Soup version 0.29.0-4-gdea44cf6ec (webtiles) character file.

Game seed: 9008030770510367291

4 Labrat the Conjurer (level 1, -1/14 HPs)
             Began as a Demigod Conjurer on Aug 26, 2022.
             Slain by a jackal (2 damage)
             ... on level 1 of the Dungeon.
             The game lasted 00:00:48 (307 turns).

Labrat the Conjurer (Demigod Conjurer)               Turns: 307, Time: 00:00:50

Health: -1/14      AC:  3    Str:  8    XL:     1   Next: 46%
Magic:  1/5        EV: 12    Int: 20    God:
Gold:   45         SH:  0    Dex: 12    Spells: 3/4 levels left

rFire   . . .      SeeInvis .   (no weapon)
rCold   . . .      Faith    .   (no shield)
rNeg    . . .      Spirit   .   a - +0 robe
rPois   .          Reflect  .   (no helmet)
rElec   .          Harm     .   (no cloak)
rCorr   +          Rampage  .   d - +0 pair of gloves
Will    .....                   (no boots)
Stlth   ++........              (no amulet)
HPRegen 0.04/turn               c - ring of resist corrosion
MPRegen 0.09/turn               (no ring)

@: no status effects
A: high MP 1, forlorn, divine attributes
a: no special abilities


You were on level 1 of the Dungeon.
You visited 1 branch of the dungeon, and saw 1 of its levels.

You collected 45 gold pieces.

Inventory:

Armour
 a - a +0 robe (worn)
 d - a +0 pair of gloves (worn)
Jewellery
 c - a ring of resist corrosion (left hand)
Scrolls
 e - a scroll of enchant weapon {unknown}
Potions
 b - a potion of magic


   Skills:
 - Level 1.7 Dodging
 - Level 1.7 Stealth
 + Level 2.0 Spellcasting
 + Level 3.7 Conjurations


You had 3 spell levels left.
You knew the following spells:

 Your Spells              Type           Power      Damage    Failure   Level
a - Magic Dart            Conj           68%        1d6       3%          1

Your spell library contained the following spells:

 Spells                   Type           Power      Damage    Failure   Level
 Searing Ray              Conj           34%        2d5       4%          2
 Dazzling Flash           Conj/Hex       18%        N/A       22%         3
 Fulminant Prism          Conj/Hex       4%         3d6       58%         4
 Iskenderun's Mystic Bla  Conj/Tloc      9%         2d4       58%         4


Dungeon Overview and Level Annotations

Branches:
Dungeon (1/15)


Innate Abilities, Weirdness & Mutations

You have an increased reservoir of magic. (+10% MP)
You shall have no god before yourself.
Your divine heritage dramatically boosts your attributes as you level up.


Message History

The magic dart hits the rat.
You kill the rat!
Your Spellcasting skill increases to level 2!
Your magical contamination has completely faded away.
Found a dagger.
You can't see any susceptible monsters within range! (Use Z to cast anyway.)
A jackal comes into view.
The magic dart hits the jackal but does no damage.
The jackal barks!
A jackal comes into view.
The magic dart hits the jackal.
The jackal is heavily wounded.
A jackal comes into view.
The magic dart hits the jackal.
The jackal is severely wounded.
The magic dart hits the jackal but does no damage.
The jackal is severely wounded.
The jackal attacks as you move away! The jackal bites you.
The jackal attacks as you move away! The jackal bites you.
The magic dart hits the jackal.
The jackal is lightly wounded.
You barely miss the jackal.
The jackal is severely wounded.
The jackal bites you. The jackal closely misses you.
The jackal barely misses you. x2
The jackal closely misses you.
The jackal bites you but does no damage.
The jackal barely misses you.
You barely miss the jackal.
The jackal is severely wounded.
The jackal barely misses you. The jackal bites you.
The jackal barely misses you.
You barely miss the jackal.
The jackal is severely wounded.
The jackal bites you.
* * * LOW HITPOINT WARNING * * *
The jackal bites you.
* * * LOW HITPOINT WARNING * * *
The jackal barely misses you. The jackal misses you. The jackal bites you.
You die...

..##...##..............
..###..####...........#
#..##..#...............
.........#.............
##......)...##.........
##....#.##.##........#
#....#.##.###...##..#
#......##.# #.h## .
#....#.##.###h@#
#....#.##.##.h.#
#....#.# #..##
.....).........
...#...#######. $....
....... ....... .......


You could see 3 jackals.

Vanquished Creatures
  A giant cockroach (D:1)
  A hobgoblin (D:1)
  A bat (D:1)
  2 rats (D:1)
5 creatures vanquished.

Notes
Turn   | Place    | Note
-------+----------+-------------------------------------------
     0 | D:1      | Labrat the Demigod Conjurer began the quest for the Orb.
     0 | D:1      | Reached XP level 1. HP: 14/14 MP: 5/5
   307 | D:1      | Slain by a jackal

Illustrated notes

Levels and vault maps discovered:
D:1:      nagdon_arrival_zigzag_paths, layout_rooms

Skill      XL: |  1 |
---------------+----+-----
Spellcasting   | 2 |  2.0
Dodging        | |  1.7
Stealth        | |  1.7
Conjurations   | |  3.7

Action                   || total
-------------------------++-------
Melee: Unarmed           ||     3
 Cast: Magic Dart        ||    15
Armor: Robe              ||     1
Dodge: Dodged            ||    10
